 Dungeon Crawl Stone Soup version 0.29.1-12-g30fa7ad0bf (webtiles) character file.

Game seed: 2373121456726048510

67 hawla the Firebug (level 4, -2/33 HPs)
             Began as a Meteoran Fire Elementalist on Dec 27, 2022.
             Killed by divine providence
             ... invoked by an orc priest
              (8 damage)
             ... on level 3 of the Dungeon.
             The game lasted 00:03:12 (677 turns).

hawla the Firebug (Meteoran Fire Elementalist)       Turns: 677, Time: 00:03:12

Health: -2/33      AC:  2    Str: 10    XL:     4   Next: 65%
Magic:  0/10       EV: 13    Int: 18    God:
Gold:   62         SH:  0    Dex: 14    Spells: 7/10 levels left

rFire   . . .      SeeInvis .   (no weapon)
rCold   . . .      Faith    .   (no shield)
rNeg    . . .      Spirit   .   a - +0 robe
rPois   .          Reflect  .   (no helmet)
rElec   .          Harm     .   (no cloak)
rCorr   .          Rampage  .   (no gloves)
Will    .....                   (no boots)
Stlth   +.........              (no amulet)
HPRegen 0.11/turn               (no ring)
MPRegen 0.12/turn               (no ring)

@: very slightly contaminated, glowing
A: sense surroundings 1, otherworldly, glowing, explore regen
a: no special abilities


You were on level 3 of the Dungeon.
You visited 1 branch of the dungeon, and saw 3 of its levels.

You collected 62 gold pieces.

Inventory:

Armour
 a - a +0 robe (worn)
Scrolls
 b - a scroll of identify {unknown}
 c - a scroll of butterflies {unknown}
 f - a scroll of teleportation {unknown}
 h - a scroll of noise {unknown}
 j - a scroll of immolation {unknown}
Potions
 d - a potion of heal wounds {unknown}
 e - a potion of curing {unknown}


   Skills:
 + Level 0.2 Fighting
 + Level 3.0 Dodging
 - Level 1.4 Stealth
 + Level 3.5 Spellcasting
 + Level 1.6 Conjurations
 + Level 4.9 Fire Magic


You had 7 spell levels left.
You knew the following spells:

 Your Spells              Type           Power      Damage    Failure   Level
a - Foxfire               Conj/Fire      56%        2x1d6     4%          1
b - Scorch                Fire           40%        2d7       3%          2

Your spell library contained the following spells:

 Spells                   Type           Power      Damage    Failure   Level
 Conjure Flame            Conj/Fire      14%        6-21      12%         3
 Inner Flame              Hex/Fire       12%        N/A       17%         3
 Flame Wave               Conj/Fire      14%        2d6       38%         4


Dungeon Overview and Level Annotations

Branches:
Dungeon (3/15) Zot: 1122

Altars:


Innate Abilities, Weirdness & Mutations

You passively map a small area around you.
You are easily found by Zot.
You glow in the dark.
You regain HP and MP as you explore.


Message History

You start waiting.
There is a stone staircase leading down, spattered with blood here.
You start waiting.
HP restored.
You climb downwards.
There is a stone staircase leading up here.
Casting: Scorch (safe; 3% risk of failure)
Confirm with . or Enter, or press ? or * to list all spells.
You miscast Scorch.
You are very lightly contaminated with residual magic.
Nothing appears to happen.
The orc priest calls down the wrath of Beogh upon you.
Pain shoots through your body!
Casting: Scorch (safe; 3% risk of failure)
Confirm with . or Enter, or press ? or * to list all spells.
Flames lash the orc priest.
The orc priest is severely wounded.
The orc priest's fire resistance burns away.
The orc priest invokes the aid of Beogh against you.
Beogh smites you!
* * * LOW HITPOINT WARNING * * *
Casting: Scorch (safe; 3% risk of failure)
Confirm with . or Enter, or press ? or * to list all spells.
Flames lash the orc priest.
The orc priest is burned terribly!
You kill the orc priest!
Your Dodging skill increases to level 3!
You have reached level 4!
Casting: Scorch (safe; 3% risk of failure)
Confirm with . or Enter, or press ? or * to list all spells.
You conjure some foxfire!
The foxfire hits the orc.
The orc is moderately wounded.
Casting: Foxfire (safe; 4% risk of failure)
Confirm with . or Enter, or press ? or * to list all spells.
You conjure some foxfire!
The foxfire hits the orc.
The orc is moderately wounded.
The foxfire hits the orc but does no damage.
The orc is moderately wounded.
The orc priest mumbles some strange prayers to Beogh against you.
Beogh smites you!
You die...

** ### ### * , ,..# #.. ,
* # * #.# #.#
*#..####.#############.#
* ..v§....#...⌠.........#
, # *#)).........####.#
###..###@§##.....### #.#
,
.o...).o.##§......#*###..
##########.........##..(.
#...........###.# * * *
#....#§#....# #.# * *
+....≈_≈....+ #.#
#....#≈#....###.#
#....§......#..## , * ,
,, , ##.#


You could see an orc priest and an orc.

Vanquished Creatures
  An orc priest (D:3)
  2 dart slugs
  3 orcs
  2 endoplasms
  A goblin (D:1)
  3 hobgoblins
  3 jackals (D:2)
  4 kobolds
  2 quokkas
  2 ball pythons (D:1)
  3 bats
  2 frilled lizards (D:2)
  2 rats
30 creatures vanquished.

Vanquished Creatures (others)
  75 foxfires
75 creatures vanquished.

Grand Total: 105 creatures vanquished

Notes
Turn   | Place    | Note
-------+----------+-------------------------------------------
     0 | D:1      | hawla the Meteoran Fire Elementalist began the quest for
                  | the Orb.
     0 | D:1      | Reached XP level 1. HP: 14/14 MP: 5/5
    39 | D:1      | Reached skill level 4 in Fire Magic
    39 | D:1      | Reached XP level 2. HP: 20/20 MP: 0/6
    54 | D:1      | HP: 1/20 [rat (1)]
   139 | D:2      | Reached XP level 3. HP: 25/26 MP: 4/8
   142 | D:2      | Learned a level 2 spell: Scorch
   674 | D:3      | Reached XP level 4. HP: 5/33 MP: 2/10
   677 | D:3      | Killed from afar by an orc priest

Illustrated notes

Levels and vault maps discovered:
D:1:      tarquinn_simple_flora_water_a, layout_basic, minmay_misc_feat_pillars,
          minmay_heptomino_d4
D:2:      layout_basic, basic_altar, uniq_natasha
D:3:      layout_loops_corners, worldfamousw_hep_ancestral_shrine, trog_book,
          hellmonk_ecumenical_altar_defaced_shrine, glass_columns_a,
          uniq_crazy_yiuf_cottage

Skill      XL: |  1  2  3 |
---------------+----------+-----
Fire Magic     | 4 |  4.9
Spellcasting   | 3 |  3.5
Dodging        | 3 |  3.0
Fighting       | |  0.2
Stealth        | |  1.4
Conjurations   | |  1.6

Action                   |  1- 3 |  4- 6 || total
-------------------------+-------+-------++-------
Melee: Unarmed           |    13 |       ||    13
 Cast: Foxfire           |    41 |     2 ||    43
       Scorch            |     6 |       ||     6
  Use: Potion            |     4 |       ||     4
Armor: Skin              |    37 |       ||    37
       Robe              |    10 |       ||    10
Dodge: Dodged            |    34 |       ||    34
